 Dungeon Crawl Stone Soup version 0.27-a0-1177-g245c70e1c0 (webtiles) character file.

Game seed: 16712768465210046764

1481 bilbop the Magician (level 9, -2/62 HPs)
             Began as a Djinni Venom Mage on May 16, 2021.
             Was an Initiate of Yredelemnul.
             Slain by a wyvern zombie (8 damage)
             ... on level 6 of the Dungeon on May 17, 2021.
             The game lasted 00:44:17 (8781 turns).

bilbop the Magician (Djinni Venom Mage)             Turns: 8781, Time: 00:44:18

Health: -2/62      AC:  5    Str:  7    XL:     9   Next: 7%
Gold:   166        EV: 11    Int: 19    God:    Yredelemnul [......] SH:  0 Dex: 15

rFire    + . .     SeeInvis .   p - +3 dagger
rCold    . . .     Faith    .   (no shield)
rNeg     . . .     Spirit   .   k - +0 leather armour
rPois    ∞         Reflect  .   j - +2 hat
rElec    .         Harm     .   (no cloak)
rCorr    .         Rampage  .   (no gloves)
Will     .....                  (boots unavailable)
Stlth    ++........             (no amulet)
HPRegen  0.20/turn              m - ring of ice
MPRegen  0.00/turn              (no ring)

@: flying
A: sickness immunity, fire resistance 2, cold vulnerability 1, float, innate
caster, hp casting, extra vitality 1
a: Renounce Religion


You were on level 6 of the Dungeon.
You worshipped Yredelemnul.
Yredelemnul was noncommittal.
You visited 2 branches of the dungeon, and saw 7 of its levels.

You collected 194 gold pieces.
You spent 28 gold pieces at shops.

Inventory:

Hand Weapons
 e - a +0 dagger
 p - a +3 dagger (weapon)
 q - a +4 short sword
Armour
 a - a +0 robe
 j - a +2 hat (worn)
 k - a +0 leather armour (worn)
Jewellery
 m - a ring of ice (left hand)
Wands
 r - a wand of polymorph (5)
Scrolls
 b - a scroll of brand weapon
 d - 2 scrolls of identify
 i - a scroll of enchant armour
 l - a scroll of teleportation
 s - a scroll of blinking
Potions
 c - a potion of brilliance {unknown}
 f - 3 potions of degeneration {unknown}
 g - a potion of flight {unknown}
 h - 2 potions of heal wounds {unknown}
 n - a potion of ambrosia {unknown}
 o - 2 potions of curing {unknown}


   Skills:
 + Level 3.9 Fighting
 + Level 3.6 Short Blades
 - Level 2.1 Dodging
 + Level 4.1 Stealth
 * Level 5.3 Spellcasting
 + Level 4.2 Invocations


You couldn't memorise any spells.
You knew the following spells:

 Your Spells              Type           Power      Damage    Failure   Level
a - Sting                 Tmut/Pois      100%       1d8       1%          1
b - Poisonous Vapours     Pois/Air       50%        N/A       3%          2
c - Mephitic Cloud        Conj/Pois/Air  25%        N/A       6%          3
d - Ignite Poison         Fire/Tmut/Pois 25%        N/A       6%          3
e - Olgreb's Toxic Radia  Pois           25%        N/A       21%         4
f - Shock                 Conj/Air       100%       1d9       1%          1
g - Static Discharge      Conj/Air       25%        N/A       3%          2
h - Gell's Gravitas       Tloc           12%        N/A       6%          3
i - Hailstorm             Conj/Ice       37%        3d9       21%         4
Your spell library was empty.

Dungeon Overview and Level Annotations

Branches:
Dungeon (6/15)             Temple (1/1) D:5

Altars:
Gozag
Hepliaklqana
Kikubaaqudgha
Nemelex Xobeh
Qazlal
Uskayaw
Wu Jian
Xom
Yredelemnul
Zin
The Shining One
Lugonu

Shops:
D:2 ?   D:4 *?*[

Annotations:
D:5 3 runed translucent doors, Crazy Yiuf; silentkaos13's ghost, novice KoCj


Innate Abilities, Weirdness & Mutations

You are immune to sickness and miasma.
You are immune to poison.
Your flesh is very heat resistant. (rF++)
You are vulnerable to cold. (rC-)
You float through the air rather than walking.
You learn spells naturally, not from books.
Your magical power is your life essence.
You have superior vitality. (+4 HP)


Message History

Confirm with . or Enter, or press ? or * to list all spells.
Aiming: Shock (safe; 1% risk of failure)
Press: ? - help, Shift-Dir - straight line, f/p - wyvern zombie
Aim: a wyvern zombie (severely damaged, 91% to hit)
The zap hits the wyvern zombie.
The wyvern zombie is severely damaged.
The wyvern zombie barely misses you. The wyvern zombie bites you!
* * * LOW HITPOINT WARNING * * *
Casting: Shock (safe; 1% risk of failure)
Confirm with . or Enter, or press ? or * to list all spells.
Aiming: Shock (safe; 1% risk of failure)
Press: ? - help, Shift-Dir - straight line, f/p - wyvern zombie
Aim: a wyvern zombie (severely damaged, 91% to hit)
The zap hits the wyvern zombie!
The wyvern zombie is almost destroyed.
* * * LOW HITPOINT WARNING * * *
The wyvern zombie closely misses you.
Casting: Shock (safe; 1% risk of failure)
Confirm with . or Enter, or press ? or * to list all spells.
Aiming: Shock (safe; 1% risk of failure)
Press: ? - help, Shift-Dir - straight line, f/p - wyvern zombie
Aim: a wyvern zombie (almost destroyed, 91% to hit)
The zap hits the wyvern zombie but does no damage.
The wyvern zombie is almost destroyed.
* * * LOW HITPOINT WARNING * * *
The wyvern zombie bites you!
* * * LOW HITPOINT WARNING * * *
Casting: Shock (safe; 1% risk of failure)
Confirm with . or Enter, or press ? or * to list all spells.
Aiming: Shock (safe; 1% risk of failure)
Press: ? - help, Shift-Dir - straight line, f/p - wyvern zombie
Aim: a wyvern zombie (almost destroyed, 91% to hit)
The zap hits the wyvern zombie.
The wyvern zombie is almost destroyed.
* * * LOW HITPOINT WARNING * * *
The wyvern zombie closely misses you. The wyvern zombie closely misses you.
The wyvern zombie bites you!
You die...
Your body rises from the dead as a mindless zombie.

#.... #######..##
#........# ##.######.#
#.........# .
#..######## ... #..#####
.....############....†.#
..........Z@......####.#
.....############## #<#
..> ### .


You could see a wyvern zombie.

Vanquished Creatures
  Eustachio (D:5)
  An ice beast (D:5)
  An ogre (D:4)
  A black bear (D:5)
  2 necrophages (D:4)
  A scorpion (D:6)
  4 wights (D:4)
  3 jellies
  2 hounds (D:5)
  A human zombie (D:4)
  2 orc priests (D:4)
  A gnoll shaman (D:5)
  3 iguanas (D:5)
  2 scorpion zombies (D:4)
  An orc wizard (D:4)
  A mummy (D:4)
  5 gnolls (D:5)
  7 adders
  A white imp (D:4)
  2 adder zombies (D:4)
  An adder skeleton (D:4)
  A worm (D:4)
  2 dart slugs
  9 orcs
  10 endoplasms
  6 giant cockroaches
  5 goblins
  8 hobgoblins
  4 jackals
  9 kobolds
  4 quokkas
  8 ball pythons
  8 bats
  3 frilled lizards
  A goblin zombie (D:4)
  2 hobgoblin zombies (D:4)
  3 kobold skeletons (D:4)
  A kobold zombie (D:4)
  2 orc zombies (D:4)
  5 rats
134 creatures vanquished.

Notes
Turn   | Place    | Note
-------+----------+-------------------------------------------
     0 | D:1      | bilbop the Djinni Venom Mage began the quest for the Orb.
     0 | D:1      | Reached XP level 1. HP: 15/15 MP: 0/0
   223 | D:1      | Reached XP level 2. HP: 15/21 MP: 0/0
   707 | D:1      | Reached XP level 3. HP: 23/26 MP: 0/0
   707 | D:1      | Learned a level 1 spell: Shock
  1595 | D:2      | Reached skill level 1 in Invocations
  1674 | D:2      | Reached skill level 1 in Short Blades
  2016 | D:2      | Reached skill level 1 in Fighting
  2016 | D:2      | Reached XP level 4. HP: 28/32 MP: 0/0
  2459 | D:2      | Reached skill level 3 in Spellcasting
  2927 | D:2      | Found Xoeniat's Magic Scroll Shop.
  2930 | D:2      | Bought a scroll of identify for 28 gold pieces
  3724 | D:3      | Noticed an angel
  3726 | D:3      | Found a shimmering altar of Xom.
  3733 | D:3      | Reached XP level 5. HP: 33/37 MP: 0/0
  3733 | D:3      | Learned a level 2 spell: Static Discharge
  3834 | D:3      | Found a glowing silver altar of Zin.
  4637 | D:3      | Found a faded altar of an unknown god.
  4640 | D:3      | Noticed a water moccasin
  4759 | D:4      | Found Poapnisor's General Store.
  4767 | D:4      | Noticed an ogre
  4771 | D:4      | Killed an ogre
  4772 | D:4      | Reached XP level 6. HP: 35/43 MP: 0/0
  5028 | D:4      | Found a glowing golden altar of the Shining One.
  5434 | D:4      | Found Muefi's Antique Armour Shoppe.
  5537 | D:4      | Found Omeughal's Magic Scroll Shop.
  5585 | D:4      | Found Wasseof's Assorted Antiques.
  5618 | D:4      | Reached XP level 7. HP: 22/49 MP: 0/0
  5618 | D:4      | Learned a level 3 spell: Gell's Gravitas
  5890 | D:4      | Reached skill level 4 in Spellcasting
  6777 | D:4      | Reached XP level 8. HP: 34/55 MP: 0/0
  7211 | D:5      | Entered Level 5 of the Dungeon
  7302 | D:5      | Found a large runed translucent door.
  7302 | D:5      | Found a large runed translucent door.
  7304 | D:5      | Noticed silentkaos13's ghost (novice KoCj)
  7612 | D:5      | Noticed Eustachio
  7619 | D:5      | Killed Eustachio
  7748 | D:5      | Reached skill level 5 in Spellcasting
  7948 | D:5      | Found a runed translucent door.
  7949 | D:5      | Noticed Crazy Yiuf
  8094 | D:5      | Found a staircase to the Ecumenical Temple.
  8101 | Temple   | Entered the Ecumenical Temple
  8150 | Temple   | Became a worshipper of Yredelemnul the Dark
  8668 | D:6      | Reached XP level 9. HP: 62/62 MP: 0/0
  8668 | D:6      | Learned a level 4 spell: Hailstorm
  8781 | D:6      | Slain by a wyvern zombie

Illustrated notes

Levels and vault maps discovered:
D:1:      lightli_arrival_noodles, layout_basic, minmay_tromino_v7
D:2:      layout_basic, serial_shops, nicolae_shop_behind_doors
D:3:      layout_basic, grunt_temple_overflow_order_and_chaos_1,
          ebering_ecumenical_altar_sacrificial, gammafunk_ghost_necromancy,
          kennysheep_generic_room_15
D:4:      layout_basic, lemuel_mausoleum_altar_kikubaaqudgha,
          nicolae_tso_besieged_by_evil, serial_shops, shop_fountains, shop,
          nicolae_shop_overgrown_old_shop, nicolae_shop_behind_doors
D:5:      layout_basic, minmay_temple_entry_nine_rooms,
          ebering_ghost_disaster_area, minmay_misc_feat_tower, kennysheep_dice,
          uniq_eustachio, uniq_crazy_yiuf_cottage
D:6:      layout_basic, kennysheep_mini_moat, minmay_tree_intersection
Temple:   corrupted_temple

Skill      XL: |  1  2  3  4  5  6  7  8 |
---------------+-------------------------+-----
Invocations    | 1 2 3 4 |  4.2
Short Blades   | 1 2 3 |  3.6
Fighting       | 1 2 3 |  3.9
Stealth        | 2 3 4 |  4.1
Spellcasting   | 3 4 5 |  5.3
Dodging        | |  2.1

Action                   |  1- 3 |  4- 6 |  7- 9 || total
-------------------------+-------+-------+-------++-------
Melee: Unarmed           |     5 |       |       ||     5
       Dagger            |       |    26 |    40 ||    66
 Cast: Sting             |    27 |    10 |       ||    37
       Shock             |    42 |   146 |    99 ||   287
       Poisonous Vapours |       |     4 |     6 ||    10
       Ignite Poison     |       |     2 |     5 ||     7
       Static Discharge  |       |       |    10 ||    10
       Mephitic Cloud    |       |       |     3 ||     3
  Use: Scroll            |       |     3 |     1 ||     4
 Stab: Sleeping          |       |     1 |     5 ||     6
Armor: Robe              |     4 |     1 |       ||     5
       Leather armour    |       |    10 |    12 ||    22
       Skin              |       |       |     2 ||     2
Dodge: Dodged            |    21 |    37 |    36 ||    94

Table legend: (Time is in decaauts)
 A = Elapsed time spent in this place.
 B = Non-inter-level travel time spent in this place.
 C = Inter-level travel time spent in this place.
 D = Time resting spent in this place.
 E = Time spent auto-exploring this place.
 F = Levels seen in this place.
 G = Mean time per level.
                   A        B        C        D        E       F      G
               +--------+--------+--------+--------+--------+-----+--------+
         Total |   8771 |   8445 |    326 |   2971 |   4696 |   7 | 1253.0 |
       Dungeon |   8707 |   8395 |    312 |   2971 |   4668 |   6 | 1451.2 |
        Temple |     64 |     50 |     14 |      0 |     28 |   1 |   64.0 |
               +--------+--------+--------+--------+--------+-----+--------+

Top non-repeatable levels by time:
     D:4: 2528 daAuts
     D:2: 1898 daAuts
     D:1: 1479 daAuts
     D:5: 1389 daAuts
     D:3: 1296 daAuts
     D:6: 115 daAuts
  Temple: 64 daAuts
